 Dungeon Crawl Stone Soup version 0.22-a0-149-g870e420 (webtiles) character file.

56 tsouns the Charlatan (level 3, 0/35 HPs)
             Began as an Ogre Artificer on Feb 7, 2018.
             Slain by a gnoll
             ... wielding a +0 spear
              (5 damage)
             ... on level 2 of the Dungeon.
             The game lasted 00:03:10 (1398 turns).

tsouns the Charlatan (Ogre Artificer)               Turns: 1398, Time: 00:03:11

Health: 0/35       AC:  3    Str: 17    XL:     3   Next: 95%
Magic:  5/5        EV: 10    Int: 12    God:
Gold:   69         SH:  0    Dex:  9    Spells: 2/2 levels left

rFire    . . .     SeeInvis .   k - +0 mace
rCold    . . .     Gourm    .   (no shield)
rNeg     . . .     Faith    .   b - +0 robe
rPois    .         Spirit   .   (helmet restricted)
rElec    .         Reflect  .   (no cloak)
rCorr    .         Harm     .   (gloves unavailable)
MR       .....                  (boots unavailable)
Stlth    +.........             (no amulet)
HPRegen  0.11/turn              (no ring)
MPRegen  0.09/turn              (no ring)

@: no status effects
A: large, unfitting armour, tough skin 1
a: no special abilities


You were on level 2 of the Dungeon.
You were not hungry.

You visited 1 branch of the dungeon, and saw 2 of its levels.

You collected 69 gold pieces.

Inventory:

Hand Weapons
 a - a +0 short sword
 h - a +0 club
 k - a +0 mace (weapon)
Missiles
 g - 42 stones (quivered)
 i - 23 sling bullets
Armour
 b - a +0 robe (worn)
Wands
 c - a wand of flame (13)
 d - a wand of enslavement (12)
 e - a wand of random effects (15)
Potions
 l - a potion of flight {unknown}
 n - a potion of heal wounds {unknown}
 o - a potion of degeneration {unknown}
Comestibles
 f - a ration
 j - 2 chunks of flesh


   Skills:
 + Level 1.9 Fighting
 - Level 0.8 Short Blades
 * Level 1.2 Maces & Flails
 + Level 2.1 Dodging
 + Level 1.0 Stealth
 + Level 3.1 Evocations


You had 2 spell levels left.
You didn't know any spells.

Dungeon Overview and Level Annotations

Branches:
Dungeon (2/15)

Altars:


Innate Abilities, Weirdness & Mutations

You are too large for most types of armour.
You have tough skin. (AC +1)


Message History

Aim: a gnoll (almost dead) Attack!
The gnoll hits your gnoll!
Your gnoll dies!
You closely miss the gnoll.
The gnoll is almost dead.
The gnoll hits you. The gnoll barely misses you.
You hit the gnoll.
You kill the gnoll!
The gnoll hits you from afar with a spear.
Evoke which item? (* to show all) (? for menu, Esc to quit)
Aiming: Throw Flame
Press: ? - help, Shift-Dir - straight line, f - gnoll
Aim: a gnoll, wielding a spear The puff of flame hits the gnoll.
The gnoll is heavily wounded.
The gnoll hits you from afar with a spear!
* * * LOW HITPOINT WARNING * * *
Found 8 gold pieces.
The gnoll hits you from afar with a spear.
You die...

,,*,,,,,,,****,**,,.............#
,,*,,,,***####.#*..###..#........
,,***,,,,,,.....#$.###..#.##.##.#
,,,,,,,,,,,,.......#.............
,,***,,,,,,,,................#.##
,,* *,,**,,,,,.....**##...##.#...
,,***,,**,,,,,,...,,,,.....#.#..#
,,,,,,,,,,,,,,,#.#.#**#.#..#.....
,,***,,,******,#@#.# #.#....###.
,,***,*,,,,,,,,#.#.####.#...##,##
,,*,,,,,******,#g.......#...#,_,#
***,,,*,** *,#.#.####...###*,*#
*,,(.,,* *,#)#.# #..##,,*+*,
***,..#..#####,#)#.# ##..#,,,+,+,
,,,,.....g...###)#.###...##,**,**
,,,,..#..###gg...#........#**,*,*
,,,,......gg........###.......*,,


You could see a gnoll.

Vanquished Creatures
  A gnoll (D:2)
  2 oozes (D:1)
  3 dart slugs (D:1)
  2 leopard geckos
  2 giant cockroaches (D:2)
  7 goblins
  5 hobgoblins (D:1)
  A kobold (D:1)
  A ball python (D:1)
  2 frilled lizards (D:1)
  5 rats (D:1)
31 creatures vanquished.

Vanquished Creatures (collateral kills)
  A goblin (D:2)
1 creature vanquished.

Vanquished Creatures (others)
  2 gnolls (D:2)
2 creatures vanquished.

Grand Total: 34 creatures vanquished

Notes
Turn   | Place    | Note
-------+----------+-------------------------------------------
     0 | D:1      | tsouns the Ogre Artificer began the quest for the Orb.
     0 | D:1      | Reached XP level 1. HP: 19/19 MP: 2/2
    99 | D:1      | Reached XP level 2. HP: 14/27 MP: 4/4
   368 | D:1      | Reached skill level 3 in Evocations
   605 | D:1      | Reached XP level 3. HP: 33/33 MP: 5/5
   919 | D:1      | Reached skill level 1 in Maces & Flails
  1145 | D:2      | Reached skill level 1 in Stealth
  1398 | D:2      | Slain by a gnoll

Vault maps used:
D:1:      erik_arrival_gehennom, minmay_liquid_box
D:2:      nicolae_dithmenos_through_a_glass_darkly, nemelex_dance_club_becter

Skill      XL: |  1  2  3 |
---------------+----------+-----
Evocations     | 3 |  3.1
Dodging        | 2 |  2.1
Maces & Flails | 1 |  1.2
Stealth        | 1 |  1.0
Fighting       | |  1.9
Short Blades   | |  0.8

Action                   || total
-------------------------++-------
Melee: Club              ||    52
       Short sword       ||     3
       Mace              ||    55
Evoke: Wand              ||     5
  Use: Scroll            ||     3
 Stab: Sleeping          ||     4
  Eat: Chunk             ||     2
Armor: Robe              ||    23
Dodge: Dodged            ||    55

Table legend:
 A = Spawn XP
 B = Non-spawn XP
 C = Spawn XP percentage of total XP
 D = Spawn monster count
 E = Non-spawn monster count
 F = Spawn count percentage of total count
 G = Total turns spent on level
                    A         B        C        D         E        F      G
               +---------+---------+-------+---------+---------+-------+---------
         Total |       0 |      80 |   0.0 |       0 |      32 |   0.0 |  1398
               +---------+---------+-------+---------+---------+-------+---------
           D:1 |       0 |      62 |   0.0 |       0 |      26 |   0.0 |  1105
           D:2 |       0 |      18 |   0.0 |       0 |       6 |   0.0 |   293
               +---------+---------+-------+---------+---------+-------+---------
